 Seeded DCSS version 0.30-a0-883-g5ad918d77d (webtiles) character file.

Game seed: 15748772131455733785 (custom seed)

14006 Parcival the Blocker (level 11, -7/95 HPs)
             Began as a Minotaur Fighter on Mar 15, 2023.
             Was an Elder of Ashenzari.
             Mangled by a merfolk
             ... wielding a +0 trident
              (14 damage)
             ... on level 1 of the Shoals.
             The game lasted 00:37:42 (13910 turns).

Parcival the Blocker (Minotaur Fighter)            Turns: 13910, Time: 00:37:43

Health: -7/95      AC: 20    Str: 30    XL:     11   Next: 83%
Magic:  10/10      EV:  9    Int:  2    God:    Ashenzari [****..]
Gold:   719        SH: 18    Dex: 14    Spells: 10/10 levels left

rFire   . . .      SeeInvis +    u - +2 flail "Share My Seer" {heavy, Cun, Fort} (curse)
rCold   . . .      Faith    .    o - +4 kite shield of Ashenzari's Moon {Rampage rCorr Int-5 Dex+5, Melee, Bglg} (curse)
rNeg    . . .      Spirit   .    e - +1 plate armour of the Esoteric Activism {Range, Fort} (curse)
rPois   +          Reflect  .    (helmet restricted)
rElec   .          Rampage  +    (no cloak)
rCorr   +          Clarity  +    z - +0 pair of gloves of Ashenzari's Gnosis {Melee, Fort} (curse)
Will    .....                    (no boots) Stlth
                                 (no amulet)
HPRegen 0.35/turn                f - ring of the Chained Moon {Str+6, Fort, Elem} (curse)
MPRegen 0.12/turn                n - ring of Apeoromancy {rPois, Bglg, Alch} (curse)

@: about to teleport
A: horns 2, retaliatory headbutt
a: Renounce Religion, Curse Item, Shatter the Chains


You were on level 1 of the Shoals.
You worshipped Ashenzari.
Ashenzari was greatly pleased with you.
You visited 4 branches of the dungeon, and saw 14 of its levels.

You collected 719 gold pieces.

Inventory:

Hand Weapons
 j - the +1 hand axe of Jacus {speed, Fly}
   (You found it on level 2 of the Lair of Beasts)

   Fly:       It grants you flight.
 t - a +2 lajatang of electrocution
 u - the cursed +2 flail "Share My Seer" (weapon) {heavy, Cun, Fort}
   (You took it off an orc on level 5 of the Dungeon)

   It has a curse which improves the following skills: Cunning: Dodging and
   Stealth.
   Fortitude: Armour and Shields.
 J - a +8 spear of distortion
Armour
 e - the cursed +1 plate armour of the Esoteric Activism (worn) {Range, Fort}
   (You found it on level 1 of the Dungeon)

   It has a curse which improves the following skills: Ranged Combat: Ranged
   Weapons and Throwing.
   Fortitude: Armour and Shields.
 o - the cursed +4 kite shield of Ashenzari's Moon (worn) {Rampage rCorr Int-5 Dex+5, Melee, Bglg}
   (You acquired it in the Ecumenical Temple)

   Int:       It affects your intelligence (-5).
   Dex:       It affects your dexterity (+5).
   rCorr:     It protects you from acid and corrosion.
   Rampage:   It bestows one free step when moving towards enemies.
   It has a curse which improves the following skills: Melee Combat: Short
   Blades, Long Blades, Axes, Maces & Flails, Polearms, Staves and Unarmed
   Combat.
   Beguiling: Conjurations, Hexes and Translocations.
 z - the cursed +0 pair of gloves of Ashenzari's Gnosis (worn) {Melee, Fort}
   (You found it on level 6 of the Dungeon)

   It has a curse which improves the following skills: Melee Combat: Short
   Blades, Long Blades, Axes, Maces & Flails, Polearms, Staves and Unarmed
   Combat.
   Fortitude: Armour and Shields.
Jewellery
 f - the cursed ring of the Chained Moon (left hand) {Str+6, Fort, Elem}
   (You found it on level 1 of the Dungeon)

   [ring of strength]

   Str:       It affects your strength (+6).
   It has a curse which improves the following skills: Fortitude: Armour and
   Shields.
   Elements:  Fire Magic, Ice Magic, Air Magic and Earth Magic.
 n - the cursed ring of Apeoromancy (right hand) {rPois, Bglg, Alch}
   (You found it on level 2 of the Dungeon)

   [ring of poison resistance]

   rPois:     It protects you from poison.
   It has a curse which improves the following skills: Beguiling: Conjurations,
   Hexes and Translocations.
   Alchemy:   Poison Magic and Transmutations.
Wands
 l - a wand of acid (3)
 p - a wand of polymorph (36)
 q - a wand of flame (37)
 y - a wand of mindburst (13)
 D - a wand of roots (12)
Scrolls
 d - 2 scrolls of enchant weapon
 g - 2 scrolls of fog
 k - a scroll of amnesia
 x - 7 scrolls of identify
 H - 2 scrolls of immolation
 I - 2 scrolls of torment
Potions
 a - 4 potions of degeneration
 c - 2 potions of magic
 h - 2 potions of brilliance
 i - 5 potions of mutation
 m - a potion of lignification
 r - 4 potions of ambrosia
 w - a potion of resistance
 A - 3 potions of flight
 C - a potion of berserk rage
 F - a potion of invisibility
Miscellaneous
 b - a piece from Xom's chessboard (14/15)
 v - a condenser vane


   Skills:
 + Level 8.7 Fighting
 + Level 9.6(14.1) Axes
 + Level 10.4(14.5) Maces & Flails
 + Level 11.4(16.1) Armour
 + Level 2.2(3.7) Dodging
 + Level 1.6(3.0) Stealth
 + Level 12.2(16.9) Shields
 + Level 2.1 Evocations


You had 10 spell levels left.
You didn't know any spells.
Your spell library contained the following spells:

 Spells                   Type           Power      Damage    Failure   Level
 Apportation              Tloc           0%         N/A       99%         1
 Magic Dart               Conj           0%         1d3       99%         1
 Slow                     Hex            0%         N/A       99%         1
 Call Imp                 Summ           0%         N/A       100%        2
 Confusing Touch          Hex            0%         N/A       100%        3
 Ignite Poison            Fire/Tmut/Pois 0%         N/A       100%        3
 Kindle Blastsparks       Fire/Tloc/Air  0%         2d10      100%        3
 Mephitic Cloud           Conj/Pois/Air  0%         N/A       100%        3
 Vampiric Draining        Necr           0%         2d6       100%        3
 Alistair's Intoxication  Tmut/Pois      0%         N/A       100%        5
 Freezing Cloud           Conj/Ice/Air   0%         6-21      100%        5
 Summon Forest            Summ/Tloc      0%         N/A       100%        5
 Summon Mana Viper        Hex/Summ       0%         N/A       100%        5
 Summon Cactus Giant      Summ           0%         N/A       100%        6


Dungeon Overview and Level Annotations

Branches:
Dungeon (10/15)            Temple (1/1) D:4            Lair (2/5) D:10
 Shoals (1/4) Lair:2
  Snake: Lair:2-3    Spider: Lair:2-3       Orc: D:9-12

Altars:
Ashenzari
Cheibriados
Dithmenos
Elyvilon
Fedhas
Gozag
Hepliaklqana
Kikubaaqudgha
Makhleb
Nemelex Xobeh
Okawaru
Qazlal
Ru
Sif Muna
Trog
Uskayaw
Vehumet
Wu Jian
Xom
Yredelemnul
Zin
The Shining One

Shops:
D:8 :

Annotations:
D:9 exclusion: 3 oklob plants


Innate Abilities, Weirdness & Mutations

You have a pair of horns on your head.
You reflexively headbutt those who attack you in melee.


Message History

You headbutt the manticore. The manticore claws you!
You block the manticore's attack.
You bludgeon the manticore!!
You kill the manticore!
The barbed spikes dig painfully into your body as you move.
You see here a manticore corpse.
The barbed spikes dig painfully into your body as you move.
The barbed spikes dig painfully into your body as you move.
The barbed spikes dig painfully into your body as you move.
The barbed spikes dig painfully into your body as you move.
The merfolk shouts!
A merfolk comes into view. It is wielding a +2 heavy trident.
The barbed spikes dig painfully into your body as you move.
The merfolk shouts!
You hear a shout!
The merfolk hits you but does no damage.
The barbed spikes dig painfully into your body as you move.
You block the merfolk's attack.
You rampage towards the merfolk!
A merfolk comes into view. It is wielding a +0 trident.
Found 12 gold pieces.
The barbed spikes dig painfully into your body as you move.
Found 26 gold pieces.
The barbed spikes dig painfully into your body as you move.
The merfolk shouts!
The merfolk hits you but does no damage.
You block the merfolk's attack.
You sock the merfolk! Your headbutt misses the merfolk.
The merfolk is lightly wounded.
You carefully extract the barbed spikes from your body.
The merfolk throws a boomerang.
You block the boomerang. The merfolk barely misses you.
You pound the merfolk like an anvil!!!
The merfolk is severely wounded.
The merfolk hits you with a +2 heavy trident!!
* * * LOW HITPOINT WARNING * * *
The merfolk hits you but does no damage.
Okay, then.
As you read the scroll of teleportation, it crumbles to dust.
You feel strangely unstable. The merfolk hits you with a +0 trident!
You die...

, ,,, ,, ,, ~ ~~≈~ , ~
....~...$. , ,, ~ ~~~ ~ ~
~~$.~~~~...# * ~ ~ ~~~ ~
~,~~.~~~~...## , ~ ~~. ~
~~~~~~~~...# *,, ~ ~ .~~ ~
~~~~~~~~...# ,. #.. , ~
~.~...m...#* .# #.. , ,*
#....m..##... ,
#...@m.............~~ ~ ,,
#..[......~~~...~~!~ ~ ~
*###.........~~~~~~~~~~~ ~
~ .##.....#####.~~~~~~~~~~
~
~~....~......##~~~~~~~~~≈≈
~~~~~.........~~~~≈≈≈≈≈≈ ~
~~
~~~~~~........~~~~~~~~≈≈≈
~ ~~~
~~~~~~.†..~~~~~~~~~~~≈≈≈~
~ ~~~
~~~~~~~.~~~~~~~~~~~~~≈≈≈~


You could see 3 merfolk.

Vanquished Creatures
  Erica (D:9)
  2 two-headed ogres
  The ghost of Sovesh the Nimble, a journeyman OpCj of Sif Muna (Lair:2)
  Urug (Lair:1)
  Sonja (Lair:1)
  2 manticores (Shoals:1)
  A black mamba (Lair:1)
  4 cane toads
  2 komodo dragons (Lair:1)
  A troll (D:10)
  Prince Ribbit (D:7)
  A shadow (D:9)
  A basilisk (Lair:2)
  6 yaks
  A wraith (D:10)
  2 wargs (D:10)
  An acid dragon (D:9)
  5 water moccasins
  A floating eye (D:9)
  4 sky beasts
  4 ice beasts
  2 orc warriors
  A black bear (Lair:2)
  The ghost of Novel the Chopper, an amateur HOFi (D:3)
  An ogre (D:5)
  2 phantoms (D:4)
  A wolf (Lair:2)
  2 centaurs
  The ghost of pigah the Gusty, an amateur OpWn (D:6)
  3 kobold brigands
  A gnoll sergeant (D:10)
  8 bullfrogs
  2 scorpions (D:5)
  20 wights
  5 killer bees (D:9)
  3 howler monkeys
  An electric eel (Lair:2)
  A crimson imp (D:5)
  6 hounds
  6 orc priests
  A sleepcap (D:5)
  3 iguanas
  Ijyb (D:3)
  Natasha (thrice) (D:3)
  10 orc wizards
  6 gnolls
  7 adders
  A shadow imp (D:7)
  A white imp (D:6)
  2 ufetubi (D:6)
  2 worms (D:2)
  4 dart slugs
  26 orcs
  12 endoplasms
  4 giant cockroaches
  5 goblins
  7 hobgoblins
  11 jackals
  A quokka (D:2)
  8 ball pythons
  2 bats
  4 frilled lizards
  15 kobolds
  5 rats
251 creatures vanquished.

Vanquished Creatures (others)
  A vampire (D:8)
  A fungus (Lair:1)
  16 plants
18 creatures vanquished.

Grand Total: 269 creatures vanquished

Notes
Turn   | Place    | Note
-------+----------+-------------------------------------------
     0 | D:1      | Parcival the Minotaur Fighter began the quest for the Orb.
     0 | D:1      | Reached XP level 1. HP: 19/19 MP: 0/0
   287 | D:1      | Reached XP level 2. HP: 26/27 MP: 1/1
   944 | D:2      | Reached skill level 4 in Shields
   944 | D:2      | Reached XP level 3. HP: 33/33 MP: 2/2
  1185 | D:2      | Reached XP level 4. HP: 35/40 MP: 3/3
  1250 | D:2      | Found a faded altar of an unknown god.
  2238 | D:3      | Noticed Ijyb
  2239 | D:3      | Noticed Natasha
  2253 | D:3      | Killed Natasha
  2254 | D:3      | Reached XP level 5. HP: 36/47 MP: 4/4
  2257 | D:3      | Killed Ijyb
  2258 | D:3      | Reached skill level 5 in Axes
  2421 | D:3      | Found a runed translucent door.
  2442 | D:3      | Noticed Novel's ghost (amateur HOFi)
  2484 | D:3      | Killed Novel's ghost
  2485 | D:3      | Reached skill level 5 in Armour
  2485 | D:3      | Reached XP level 6. HP: 28/53 MP: 5/5
  2701 | D:3      | Noticed Natasha
  2708 | D:3      | Killed Natasha
  2890 | D:3      | Noticed Natasha
  2898 | D:3      | Killed Natasha
  3272 | D:4      | Found a white marble altar of Elyvilon.
  3359 | D:4      | Found a staircase to the Ecumenical Temple.
  3482 | D:4      | Reached XP level 7. HP: 55/60 MP: 6/6
  4054 | Temple   | Entered the Ecumenical Temple
  4254 | Temple   | Identified a scroll of acquirement
  4254 | Temple   | Acquired the +4 kite shield of Trial and Error {Rampage
                  | rCorr Int-5 Dex+5}
  4269 | Temple   | Lost intelligence.
  4298 | D:5      | Entered Level 5 of the Dungeon
  4298 | D:5      | Found a radiant altar of Vehumet.
  4319 | D:5      | Reached skill level 5 in Fighting
  4449 | D:5      | Found a broken altar of Ashenzari.
  4467 | D:5      | Became a worshipper of Ashenzari the Shackled
  4532 | D:5      | Reached skill level 5 in Shields
  4554 | D:5      | Reached XP level 8. HP: 59/69 MP: 7/7
  4720 | D:5      | Found a blossoming altar of Fedhas.
  4725 | D:5      | Reached skill level 6 in Shields
  4900 | D:5      | Found a shimmering altar of Xom.
  4900 | D:5      | Found a burning altar of Makhleb.
  4923 | D:5      | Reached skill level 1 in Stealth
  4928 | D:5      | Reached skill level 1 in Maces & Flails
  5052 | D:5      | Found an iron altar of Okawaru.
  5362 | D:6      | Found an ancient bone altar of Kikubaaqudgha.
  5368 | D:6      | Found a shadowy altar of Dithmenos.
  5372 | D:6      | Found a glowing golden altar of the Shining One.
  5450 | D:6      | Found a runed translucent door.
  5450 | D:6      | Noticed pigah's ghost (amateur OpWn)
  5590 | D:6      | Found a shimmering blue altar of Sif Muna.
  5594 | D:6      | Found a snail-covered altar of Cheibriados.
  5664 | D:6      | Found a sacrificial altar of Ru.
  5787 | D:6      | Killed pigah's ghost
  5788 | D:6      | Reached XP level 9. HP: 75/75 MP: 8/8
  5854 | D:7      | Found an ornate altar of the Wu Jian Council.
  5914 | D:7      | Reached * piety under Ashenzari
  6091 | D:7      | Reached skill level 7 in Shields
  6176 | D:7      | Reached skill level 5 in Maces & Flails
  6360 | D:7      | Reached skill level 1 in Dodging
  6433 | D:7      | Reached skill level 8 in Shields
  6487 | D:7      | Noticed Prince Ribbit
  6504 | D:7      | Killed Prince Ribbit
  6963 | D:8      | Reached ** piety under Ashenzari
  7105 | D:8      | Reached XP level 10. HP: 80/84 MP: 9/9
  7134 | D:8      | Found Ythrueru's Book Shoppe.
  7299 | D:8      | Found a stormy altar of Qazlal.
  8358 | D:9      | Reached skill level 9 in Shields
  8505 | D:9      | Noticed a two-headed ogre
  8513 | D:9      | Killed a two-headed ogre
  8513 | D:9      | Noticed Erica
  8529 | D:9      | Killed Erica
  8530 | D:9      | Reached skill level 10 in Shields
  8764 | D:9      | Paralysed by a floating eye for 2 turns
  8785 | D:9      | Noticed an oklob plant
  8789 | D:9      | Noticed an oklob plant
  9328 | D:9      | Noticed an oklob plant
  9632 | D:10     | Entered Level 10 of the Dungeon
  9632 | D:10     | Noticed a two-headed ogre
  9645 | D:10     | Killed a two-headed ogre
  9646 | D:10     | Reached skill level 1 in Evocations
  9649 | D:10     | Reached *** piety under Ashenzari
  9834 | D:10     | Found a staircase to the Lair.
  9841 | D:10     | Reached XP level 11. HP: 77/93 MP: 10/10
  9852 | D:10     | Reached skill level 10 in Armour
 10470 | D:10     | Reached **** piety under Ashenzari
 10799 | Lair:1   | Entered Level 1 of the Lair of Beasts
 10946 | Lair:1   | Reached skill level 11 in Shields
 10960 | Lair:1   | Noticed Sonja
 10988 | Lair:1   | HP: 4/94 [Sonja/+2 short sword of venom (4)]
 11309 | Lair:1   | Noticed Urug
 11327 | Lair:1   | Killed Urug
 11809 | Lair:1   | Killed Sonja
 12355 | Lair:2   | Found a staircase to the Shoals.
 12358 | Lair:2   | Reached skill level 10 in Maces & Flails
 12481 | Lair:2   | Found a runed translucent door.
 12482 | Lair:2   | Noticed Sovesh's ghost (journeyman OpCj)
 12491 | Lair:2   | Identified the +1 hand axe of Jacus {speed, Fly}
 13386 | Lair:2   | Reached skill level 12 in Shields
 13802 | Lair:2   | Killed Sovesh's ghost
 13864 | Shoals:1 | Entered Level 1 of the Shoals
 13884 | Shoals:1 | Noticed a harpy
 13884 | Shoals:1 | Noticed a harpy
 13884 | Shoals:1 | Noticed a harpy
 13910 | Shoals:1 | Mangled by a merfolk

Illustrated notes

Levels and vault maps discovered:
D:1:      dpeg_arrival_brainrot, layout_basic, hangedman_decor_growths,
          minmay_misc_feat_rugged, nicolae_titane
D:2:      minmay_recursive_quarters, layout_basic,
          dreamdust_ecumenical_altar_sealed_demon, serial_glass,
          glass_columns_c, glass_columns_a, hex_tiny
D:3:      layout_basic, ebering_ghost_reflecting_pool,
          minmay_misc_feat_four_crosses, uniq_ijyb, uniq_natasha
D:4:      layout_loops_ring, mainiacjoe_overflow_boulevard,
          minmay_temple_entry_stoned_glass
D:5:      minmay_octagon_keep, layout_rooms, lemuel_doored_altar,
          fiery_altar_vehumet, overflow_temple_1_default,
          mainiacjoe_overflow_24_doors, grunt_temple_overflow_champion_of_chaos,
          kennysheep_generic_room_9
D:6:      layout_rooms, minitemple, nicolae_ru_awakened_eye,
          hellmonk_ghost_happy_afterlife, chequers_decorated_corner,
          due_unseen_surprise
D:7:      minmay_spotlight, layout_loops_ring, nicolae_overflow_crystal_walls,
          enter_bailey_2, uniq_prince_ribbit1
D:8:      layout_basic, mainiacjoe_overflow_alcove_4, nicolae_take_the_stairs,
          st_stairs_6, hangedman_decor_opposing, minmay_statues_item
D:9:      layout_stronghold, disabler_island, uniq_erica
D:10:     layout_roguey, erik_lair_orcish_takeover, serial_corexii_hall,
          corexii_hall_statues_s, chequers_hall_statues_wall_a,
          chequers_hall_statues_wall_a, chequers_hall_statues_y,
          chequers_hall_statues_corner_a, chequers_hall_statues_corner_a
Temple:   nicolae_temple_bog_church
Lair:1:   layout_regular_city, grunt_megastairs_2, uniq_urug, uniq_sonja
Lair:2:   layout_chaotic_city, shoals_dummy_entry,
          ebering_ghost_reflecting_pool, wad_woods_river_01
Shoals:1: layout_shoals, nicolae_shoals_enchanted_isle

Skill      XL: |  1  2  3  4  5  6  7  8  9 10 11 |
---------------+----------------------------------+-----
Armour         | 4 5 6 8 9 11 | 11.4
Fighting       | 4 5 6 7 8 |  8.7
Axes           | 3 4 5 6 8 9 |  9.6
Shields        | 4 5 6 8 10 12 | 12.2
Stealth        | 1 |  1.6
Maces & Flails | 3 7 9 10 | 10.4
Dodging        | 1 2 |  2.2
Evocations     | 1 2 |  2.1

Action                     |  1- 3 |  4- 6 |  7- 9 | 10-12 || total
---------------------------+-------+-------+-------+-------++-------
  Melee: War axe           |    29 |       |       |       ||    29
         Broad axe         |    43 |    83 |    55 |       ||   181
         Headbutt          |     3 |     8 |    36 |    48 ||    95
         Flail             |       |       |   159 |   268 ||   427
 Invoke: Curse Item        |       |       |     3 |     3 ||     6
  Evoke: Wand              |       |       |       |    19 ||    19
         Piece from Xom's  |       |       |       |     1 ||     1
    Use: Scroll            |     1 |     8 |     1 |     9 ||    19
         Potion            |       |       |       |    11 ||    11
 Armour: Plate armour      |    91 |    73 |   193 |   192 ||   549
         Scale mail        |     1 |       |       |       ||     1
  Dodge: Dodged            |    41 |    35 |    71 |   114 ||   261
  Block: Buckler           |    24 |    26 |     2 |       ||    52
         Kite shield       |       |       |   206 |   336 ||   542

Table legend: (Time is in decaauts)
 A = Elapsed time spent in this place.
 B = Non-inter-level travel time spent in this place.
 C = Inter-level travel time spent in this place.
 D = Time resting spent in this place.
 E = Time spent auto-exploring this place.
 F = Levels seen in this place.
 G = Mean time per level.
                   A        B        C        D        E       F      G
               +--------+--------+--------+--------+--------+-----+--------+
         Total |  15015 |  13937 |   1078 |   1672 |   9114 |  14 | 1072.5 |
       Dungeon |  11618 |  10715 |    903 |    764 |   7580 |  10 | 1161.8 |
        Temple |    233 |    212 |     21 |      0 |    181 |   1 |  233.0 |
          Lair |   3110 |   2957 |    153 |    908 |   1340 |   2 | 1555.0 |
        Shoals |     53 |     53 |      0 |      0 |     12 |   1 |   53.0 |
               +--------+--------+--------+--------+--------+-----+--------+

Top non-repeatable levels by time:
     D:9: 1572 daAuts
  Lair:1: 1564 daAuts
  Lair:2: 1545 daAuts
     D:5: 1520 daAuts
     D:3: 1392 daAuts
     D:8: 1250 daAuts
    D:10: 1180 daAuts
     D:7: 1063 daAuts
     D:2: 995 daAuts
     D:1: 942 daAuts
     D:6: 865 daAuts
     D:4: 835 daAuts
  Temple: 233 daAuts
Shoals:1: 53 daAuts
